 Dungeon Crawl Stone Soup version 0.31.0-12-g77e489cdc1 (webtiles) character file.

Game seed: 15525623552401029840

19574 12572944 the Covert (level 12, -13/63 HPs)
             Began as a Felid Summoner on Feb 16, 2024.
             Was a High Priest of Kikubaaqudgha.
             Mangled by a seven-headed hydra (17 damage)
             ... on level 2 of the Lair of Beasts on Feb 17, 2024.
             The game lasted 01:20:07 (18246 turns).

12572944 the Covert (Felid Summoner)               Turns: 18246, Time: 01:20:07

Health: -13/63     AC:  3    Str: 10    XL:     12   Next: 37%
Magic:  12/25      EV: 23    Int: 25    God:    Kikubaaqudgha [*****.]
Gold:   679        SH:  0    Dex: 16    Spells: 9/27 levels left
                                        Lives:  0   Deaths: 4

rFire   + . .        (weapon unavailable)
rCold   + . .        (shield unavailable)
rNeg    . . .        (body armour unavailable)
rPois   .            (helmet unavailable)
rElec   .            (cloak unavailable)
rCorr   .            (gloves unavailable)
SInv    +            (boots unavailable)
Will    +....        (no amulet)
Stlth   ++++         j - +6 ring of strength
HPRegen 0.30/turn    s - ring of protection from fire
MPRegen 0.19/turn

%: no passive effects
@: no status effects
A: very small, claws 1, fangs 3, see invisible, shaggy fur 3, stealthy paws, no
weapons or thrown items, no armour, multi-lived
a: Renounce Religion, Unearth Wretches, Torment


You were on level 2 of the Lair of Beasts.
You worshipped Kikubaaqudgha.
Kikubaaqudgha was extremely pleased with you.
You visited 3 branches of the dungeon, and saw 15 of its levels.

You collected 679 gold pieces.

Inventory:

Jewellery
 j - a +6 ring of strength (left paw)
 k - an amulet of faith
 s - a ring of protection from fire (right paw)
 x - a ring of protection from fire
Wands
 i - a wand of charming (3)
 m - a wand of flame (25)
 t - a wand of polymorph (7)
 v - a wand of quicksilver (4)
 y - a wand of roots (5)
Scrolls
 b - 4 scrolls of teleportation {@r4}
 d - 3 scrolls of fog
 f - 5 scrolls of immolation
 u - a scroll of silence
 w - a scroll of acquirement
 z - a scroll of identify {@r1}
Potions
 a - a potion of magic
 c - 3 potions of attraction
 g - 3 potions of cancellation
 h - a potion of might
 l - 2 potions of brilliance
 n - 2 potions of enlightenment
 o - a potion of haste {@q3}
 p - 4 potions of curing {@q1}
 q - 2 potions of resistance
 r - a potion of lignification


   Skills:
 + Level 7.4 Fighting
 - Level 10.0 Dodging
 - Level 10.0 Stealth
 + Level 8.2 Spellcasting
 + Level 7.0 Hexes
 + Level 9.5 Summonings
 + Level 4.7 Necromancy
 - Level 5.0 Fire Magic
 - Level 5.0 Air Magic
 + Level 4.3 Evocations


You had 9 spell levels left.
You knew the following spells:

 Your Spells              Type           Power      Damage    Failure   Level
a - Summon Small Mammal   Summ           100%       N/A       1%          1
b - Call Imp              Summ           100%       N/A       1%          2
c - Call Canine Familiar  Summ           55%        N/A       1%          3
d - Summon Blazeheart Go  Fire/Summ      46%        N/A       3%          4
e - Summon Lightning Spi  Summ/Air       46%        N/A       3%          4
f - Anguish               Hex/Necr       19%        N/A       5%          4

Your spell library contained the following spells:

 Spells                   Type           Power      Damage    Failure   Level
 Necrotise                Necr           100%       1d9       1%          1
 Ensorcelled Hibernation  Hex/Ice        56%        N/A       1%          2
 Jinxbite                 Hex            90%        N/A       1%          2
 Cigotuvi's Dreadful Rot  Necr/Alch/Air  52%        N/A       2%          2
 Fugue of the Fallen      Necr           34%        N/A       2%          3
 Summon Ice Beast         Ice/Summ       34%        N/A       2%          3
 Vampiric Draining        Necr           34%        2d8       2%          3
 Martyr's Knell           Necr/Summ      46%        N/A       3%          4
 Summon Mana Viper        Hex/Summ       51%        N/A       5%          5
 Apportation              Tloc           20%        N/A       6%          1
 Dispel Undead            Necr           34%        3d15      9%          4
 Curse of Agony           Necr           34%        N/A       22%         5
 Borgnjor's Vile Clutch   Necr/Erth      11%        N/A       52%         5
 Monstrous Menagerie      Summ           27%        N/A       69%         7
 Alistair's Intoxication  Alch           6%         N/A       86%         5
 Eringya's Noxious Bog    Alch           5%         4d6       100%        6


Dungeon Overview and Level Annotations

Branches:
Dungeon (11/15)            Temple (1/1) D:7            Lair (3/5) D:11
  Swamp (0/4) Lair:2          Orc (0/2) D:10
  Snake: Lair:2-3    Spider: Lair:2-3

Altars:
Ashenzari
Cheibriados
Dithmenos
Elyvilon
Fedhas
Gozag
Hepliaklqana
Kikubaaqudgha
Makhleb
Nemelex Xobeh
Okawaru
Qazlal
Ru
Sif Muna
Trog
Uskayaw
Vehumet
Wu Jian
Xom
Yredelemnul
Zin
The Shining One

Shops:
D:3 ?

Annotations:
D:3 2 transporters, Lhightning's ghost, amateur MiBe
D:6 1 runed translucent door, Crazy Yiuf
D:7 1 transporter, exclusion: downstairs, rozman's ghost, novice MiHu
D:8 exclusions: downstairs and killer bee
D:11 exclusions: boulder beetle, centaur warrior and 8 more exclusions


Innate Abilities, Weirdness & Mutations

You have sharp claws.
You have razor-sharp teeth.
You have supernaturally acute eyesight. (SInv)
Your thick and shaggy fur keeps you warm. (AC +3, rC+)
Your paws help you pounce on unaware monsters.
You are incapable of wielding weapons or throwing items.
You cannot wear armour.
You gain extra lives every three experience levels.


Message History

Confirm with . or Enter, or press ? or * to list all spells.
An electric hum fills the air.
Your lightning spire disappears in a puff of smoke!
What are your orders? t - Meow!
Orders for allies: a - Attack new target. r - Retreat! s - Stop attacking. g - Guard the area. f - Follow me.
Anything else - Cancel.
Gang up on whom?
Press: ? - help, Dir - move target, f - seven-headed hydra
Aim: a seven-headed hydra (asleep, ally target)
Okay, then.
Casting: Summon Lightning Spire (dangerous; 3% risk of failure)
Confirm with . or Enter, or press ? or * to list all spells.
You call for your canine familiar and it appears with a howl!
The yak bellows!
You hear a bellow!
Your blazeheart golem's core grows cold and it stops moving.
A yak comes into view.
Your inugami hits the seven-headed hydra.
Your inugami hits the seven-headed hydra!
The seven-headed hydra barely misses you.
The seven-headed hydra bites you!
The seven-headed hydra barely misses you. x2
The seven-headed hydra bites you.
The seven-headed hydra completely misses you.
The seven-headed hydra misses you.
You climb upwards.
There is a stone staircase leading down here.
The seven-headed hydra bites you! The seven-headed hydra bites you.
The seven-headed hydra bites you! The seven-headed hydra misses you.
The seven-headed hydra barely misses you.
The seven-headed hydra bites you! x2
* * * LOW HITPOINT WARNING * * *
The seven-headed hydra attacks as it pursues you!
The seven-headed hydra bites you!
* * * LOW HITPOINT WARNING * * *
The seven-headed hydra bites you!
You die...
Kikubaaqudgha rasps: "You have failed me!
Welcome... death!"

........P........................
.........##P...........###.....#.
.###P...####....#P#.....##...##..
.P###...# #....####....###...###.
.##.#...# ##...# #.>...##...# #.
..##....# #...# ##.....#....###.
.####...####...###.§♣§~≈♣...∩.##.
.#.##<..P##....##D.§§≈~≈~♣....#P.
..###...####...#@♣♣§§~§~≈≈♣..##..
.###....# #....#♣♣§§§§§≈≈≈♣.#.#.
.....)..# #......≈≈§§§≈≈≈♣......
P####P#.# ###P....♣♣§§§≈♣.#..###
## ##### #####..≈§§♣......#
#.############ ###


You could see a seven-headed hydra.

Vanquished Creatures
  3 two-headed ogres
  Pikel (D:9)
  A gargoyle (D:10)
  A black mamba (Lair:1)
  An elephant (Lair:2)
  A cane toad (Lair:2)
  A torpor snail (Lair:1)
  7 komodo dragons
  A hornet (D:7)
  A vampire (D:9)
  2 wyverns (Lair:2)
  10 yaks
  2 water moccasins
  2 orc warriors
  An ice beast (D:6)
  2 wolves (Lair:1)
  2 lemures (D:9)
  A bullfrog (D:8)
  6 wights
  An orc priest (D:7)
  A sleepcap (D:5)
  A gnoll bouda (D:9)
  2 orc wizards
  A gnoll (D:6)
  A ribbon worm (D:5)
  5 orcs
  An endoplasm (D:3)
  A quokka (D:1)
  A bat (D:1)
  2 rats
63 creatures vanquished.

Vanquished Creatures (collateral kills)
  A hydra (Lair:2)
  An elephant (Lair:2)
  3 cane toads
  2 komodo dragons
  2 unseen horrors
  A dream sheep (Lair:2)
  8 yaks
  2 wyverns
  A basilisk (Lair:1)
  2 wraiths
  3 vampire mosquitoes (D:11)
  5 steam dragons
  Menkaure (D:6)
  An acid dragon (D:10)
  5 water moccasins
  An ice beast (D:6)
  2 orc warriors
  3 black bears
  A sky beast (D:8)
  A wolf (Lair:1)
  An ogre (D:6)
  7 centaurs
  A lemure (D:9)
  13 bullfrogs
  2 gnoll sergeants (D:7)
  3 scorpions
  8 wights
  2 electric eels (Lair:2)
  2 howler monkeys
  3 jellies
  4 hounds
  9 orc priests
  4 iguanas
  A sleepcap (D:4)
  Jessica (D:3)
  Terence (D:2)
  A hell rat (Lair:2)
  9 orc wizards
  19 gnolls
  4 adders
  A shadow imp (D:7)
  A white imp (D:5)
  A ribbon worm (D:2)
  3 dart slugs (D:2)
  25 orcs
  3 bats
  3 endoplasms (D:1)
  3 giant cockroaches
  7 goblins
  2 hobgoblins
  6 jackals
  5 quokkas
  4 ball pythons
  2 frilled lizards
  4 kobolds
  4 rats
215 creatures vanquished.

Vanquished Creatures (others)
  47 blazeheart cores
47 creatures vanquished.

Grand Total: 325 creatures vanquished

Notes
Turn   | Place    | Note
-------+----------+-------------------------------------------
     0 | D:1      | 12572944 the Felid Summoner began the quest for the Orb.
     0 | D:1      | Reached XP level 1. HP: 9/9 MP: 4/4
   361 | D:1      | Reached XP level 2. HP: 13/13 MP: 3/6
   364 | D:1      | Learned a level 2 spell: Call Imp
  1108 | D:1      | Found a faded altar of an unknown god.
  1814 | D:2      | Reached XP level 3. HP: 14/16 MP: 1/8
  1822 | D:2      | Learned a level 3 spell: Call Canine Familiar
  2006 | D:2      | Noticed Terence
  2021 | D:2      | Slain by Terence
  2021 | D:2      | Lost a life (0 lives remaining)
  2336 | D:2      | Killed Terence
  2337 | D:2      | Reached skill level 5 in Summonings
  2337 | D:2      | Reached XP level 4. HP: 13/21 MP: 0/10
  2337 | D:2      | Gained a life (1 life remaining)
  2496 | D:2      | Found a shimmering altar of Xom.
  3366 | D:3      | Found a transporter.
  3373 | D:3      | Noticed Lhightning's ghost (amateur MiBe)
  3385 | D:3      | Found a transporter.
  3408 | D:3      | Reached XP level 5. HP: 24/24 MP: 8/11
  3442 | D:3      | Learned a level 4 spell: Summon Blazeheart Golem
  3486 | D:3      | Noticed Jessica
  3492 | D:3      | Killed Jessica
  3803 | D:3      | Reached skill level 1 in Fire Magic
  4094 | D:3      | Found Gimaa's Magic Scroll Boutique.
  4291 | D:4      | Found a shadowy altar of Dithmenos.
  4372 | D:4      | Gained mutation: You are covered in thick fur. (AC +2)
                  | [Felid growth]
  4372 | D:4      | Reached XP level 6. HP: 28/28 MP: 9/13
  4954 | D:4      | Found an opulent altar of Gozag.
  4988 | D:4      | Found a glowing silver altar of Zin.
  5069 | D:4      | Found a shimmering altar of Xom.
  5070 | D:4      | Found an ornate altar of the Wu Jian Council.
  5072 | D:4      | Found a sacrificial altar of Ru.
  5076 | D:4      | Found an ancient bone altar of Kikubaaqudgha.
  5077 | D:4      | Found an iron altar of Okawaru.
  5077 | D:4      | Found a blossoming altar of Fedhas.
  5077 | D:4      | Found a stormy altar of Qazlal.
  5077 | D:4      | Found a white marble altar of Elyvilon.
  5078 | D:4      | Found a sparkling altar of Nemelex Xobeh.
  5079 | D:4      | Found a shimmering blue altar of Sif Muna.
  5080 | D:4      | Found a bloodstained altar of Trog.
  5082 | D:4      | Found a hazy altar of Hepliaklqana.
  5099 | D:4      | Became a worshipper of Kikubaaqudgha
  5182 | D:5      | Entered Level 5 of the Dungeon
  5514 | D:5      | Reached XP level 7. HP: 32/32 MP: 8/14
  5514 | D:5      | Gained a life (2 lives remaining)
  5519 | D:5      | Learned a level 4 spell: Summon Lightning Spire
  5932 | D:4      | Slain by a sleepcap
  5932 | D:4      | Lost a life (1 life remaining)
  6414 | D:5      | Reached skill level 1 in Fighting
  6696 | D:6      | Reached * piety under Kikubaaqudgha
  6696 | D:6      | Received a gift from Kikubaaqudgha
  6721 | D:6      | Noticed Menkaure
  6750 | D:6      | Reached skill level 1 in Air Magic
  7063 | D:6      | Reached XP level 8. HP: 29/37 MP: 2/16
  7292 | D:6      | Killed Menkaure
  7293 | D:6      | Reached skill level 5 in Spellcasting
  7407 | D:6      | Found a runed translucent door.
  7408 | D:6      | Noticed Crazy Yiuf
  8233 | D:7      | Noticed a hornet
  8249 | D:7      | Killed a hornet
  8250 | D:7      | Reached skill level 5 in Stealth
  8250 | D:7      | Reached skill level 5 in Fire Magic
  8289 | D:7      | Reached skill level 5 in Dodging
  8289 | D:7      | Reached XP level 9. HP: 38/44 MP: 2/18
  8496 | D:7      | Found a staircase to the Ecumenical Temple.
  8505 | Temple   | Entered the Ecumenical Temple
  8540 | D:7      | Noticed rozman's ghost (novice MiHu)
  8540 | D:7      | Identified the +9 great mace "Fuerety" {pain, rN+ Str+3
                  | Dex+3}
  8540 | D:7      | Noticed a two-headed ogre
  8563 | D:7      | Found a transporter.
  8663 | D:7      | Reached ** piety under Kikubaaqudgha
  9234 | D:8      | Noticed a two-headed ogre
  9244 | D:8      | Killed a two-headed ogre
  9836 | D:8      | Reached XP level 10. HP: 51/51 MP: 8/20
  9836 | D:8      | Gained a life (2 lives remaining)
 10369 | D:9      | Noticed a two-headed ogre
 10573 | D:9      | Noticed Pikel
 10585 | D:9      | Killed Pikel
 10586 | D:9      | Reached skill level 5 in Fighting
 10718 | D:9      | HP: 1/51 [vampire/vampiric draining (5)]
 10962 | D:9      | Reached *** piety under Kikubaaqudgha
 10962 | D:9      | Received a gift from Kikubaaqudgha
 10968 | D:9      | Learned a level 4 spell: Anguish
 11090 | D:9      | Killed a two-headed ogre
 11091 | D:9      | Reached skill level 1 in Hexes
 11306 | D:9      | Reached skill level 1 in Necromancy
 11430 | D:9      | Killed from afar by a centaur
 11430 | D:9      | Lost a life (1 life remaining)
 11682 | D:10     | Entered Level 10 of the Dungeon
 11985 | D:10     | Found a staircase to the Orcish Mines.
 12149 | D:10     | Noticed a gargoyle
 12157 | D:10     | Killed a gargoyle
 12158 | D:10     | Reached skill level 5 in Air Magic
 12377 | D:10     | Noticed a two-headed ogre
 12386 | D:10     | Killed a two-headed ogre
 12387 | D:10     | Reached XP level 11. HP: 56/56 MP: 13/22
 12995 | D:11     | Identified a scroll of acquirement
 13242 | D:11     | Noticed a centaur warrior
 13255 | D:11     | Reached **** piety under Kikubaaqudgha
 13442 | D:11     | Found a staircase to the Lair.
 13467 | D:11     | Reached skill level 1 in Evocations
 13983 | D:11     | Noticed a boulder beetle
 14629 | Lair:1   | Entered Level 1 of the Lair of Beasts
 14775 | Lair:1   | Reached skill level 5 in Hexes
 14790 | Lair:1   | Reached skill level 10 in Stealth
 15774 | Lair:1   | Slain by a komodo dragon
 15774 | Lair:1   | Lost a life (0 lives remaining)
 16549 | Lair:2   | Noticed a four-headed hydra
 16562 | Lair:2   | Killed a four-headed hydra
 16563 | Lair:2   | Gained mutation: Your thick and shaggy fur keeps you warm.
                  | (AC +3, rC+) [Felid growth]
 16563 | Lair:2   | Reached XP level 12. HP: 28/62 MP: 10/24
 16956 | Lair:2   | Found a staircase to the Swamp.
 17226 | Lair:2   | Reached skill level 10 in Dodging
 17232 | Lair:2   | Reached ***** piety under Kikubaaqudgha
 18232 | Lair:3   | Noticed a seven-headed hydra
 18246 | Lair:2   | Mangled by a seven-headed hydra

Illustrated notes

Levels and vault maps discovered:
D:1:      psy_arrival_radial01, layout_loops_corners, basic_ecumenical_altar,
          serial_forest, infiniplex_forest_lined_room_2,
          infiniplex_forest_end_2, infiniplex_forest_fountain,
          infiniplex_forest_join, serial_park_tiny_1
D:2:      layout_basic, basic_altar, minmay_tetromino_l2, uniq_terence
D:3:      layout_rooms, serial_shops, nicolae_shop_rolled_up,
          gammafunk_ghost_stat_death, minivault_19, uniq_jessica
D:4:      layout_cave_pools, pdpol_temple_overflow_zin_treasury_gozag_greed,
          minitemple, old_standard_altar
D:5:      layout_cave_pods, serial_bayou_lagoon_b
D:6:      layout_cave_pools, serial_column_ruins, column_ruins_pillar_1,
          column_ruins_pillar_2, column_ruins_pillar_3, column_ruins_pillar_1,
          column_ruins_pillar_6, column_ruins_pillar_1, column_ruins_pillar_1,
          column_ruins_pillar_1, column_ruins_pillar_1, column_ruins_pillar_6,
          column_ruins_pillar_2, column_ruins_pillar_2, column_ruins_pillar_1,
          column_ruins_pillar_1, uniq_crazy_yiuf_cottage, uniq_menkaure
D:7:      layout_rooms, minmay_temple_entry_drinking_statues, serial_glass,
          glass_columns_c, glass_columns_a, due_unseen_surprise,
          feat_on_display, minmay_strange_pillars, gammafunk_ghost_smash
D:8:      layout_basic
D:9:      layout_basic, kennysheep_generic_room_2, uniq_pikel
D:10:     layout_rooms, minmay_orc_entry_temple_small,
          kennysheep_generic_room_14
D:11:     layout_stronghold, david_lair_shrubbed, chequers_serial_rivers_micro_c
Temple:   hellmonk_temple_of_storms
Lair:1:   layout_roguey, lemuel_fruit_tree
Lair:2:   nzn_winding_woodlands_small [nzn_winding_woodlands_5x15_cabin,
          nzn_winding_woodlands_center_triple_pond,
          nzn_winding_woodlands_5x15_twine], layout_small_grid, swamp_mist_pool,
          gauntlet_entry_generic
Lair:3:   layout_regular_city, nicolae_spider_entry_non_spiders,
          gammafunk_ghost_split, grunt_megastairs_5, infiniplex_staircase_pool_2

Skill      XL: |  1  2  3  4  5  6  7  8  9 10 11 12 |
---------------+-------------------------------------+-----
Spellcasting   | 3 4 5 6 7 8 |  8.2
Summonings     | 5 6 7 8 9 |  9.5
Fire Magic     | 1 3 4 5 |  5.0
Stealth        | 3 5 7 8 10 | 10.0
Dodging        | 3 5 6 8 9 10 | 10.0
Fighting       | 1 3 4 5 6 7 |  7.4
Air Magic      | 1 2 4 5 |  5.0
Hexes          | 3 6 7 |  7.0
Necromancy     | 1 4 |  4.7
Evocations     | 3 4 |  4.3

Action                     |  1- 3 |  4- 6 |  7- 9 | 10-12 || total
---------------------------+-------+-------+-------+-------++-------
  Melee: Unarmed           |    63 |     7 |    31 |    58 ||   159
         Bite              |    13 |     1 |     5 |     9 ||    28
         Punch             |     2 |     1 |       |     1 ||     4
   Cast: Summon Small Mamm |    47 |     8 |     7 |       ||    62
         Call Imp          |    20 |     9 |     9 |     3 ||    41
         Call Canine Famil |     8 |    36 |    50 |    62 ||   156
         Summon Blazeheart |       |       |    29 |    77 ||   106
         Summon Lightning  |       |       |     8 |    39 ||    47
  Evoke: Wand              |       |     1 |       |       ||     1
    Use: Scroll            |     1 |    12 |     2 |    10 ||    25
         Potion            |       |       |       |     5 ||     5
   Stab: Sleeping          |     1 |       |       |     1 ||     2
         Betrayed ally     |       |       |       |     1 ||     1
 Armour: Skin              |    12 |     6 |    35 |   102 ||   155
  Dodge: Dodged            |    28 |    16 |    66 |   210 ||   320
